 Dungeon Crawl Stone Soup version 0.29-a0-520-gc852659 (webtiles) character file.

Game seed: 14578295868120845603

86318 lyrin the Warrior (level 16, -5/131 HPs)
             Began as a Djinni Ice Elementalist on May 31, 2022.
             Was the Champion of Ru.
             Slain by a +4 vampiric glaive (25 damage)
             ... on level 2 of the Elven Halls.
             The game lasted 01:05:09 (22311 turns).

lyrin the Warrior (Djinni Ice Elementalist)        Turns: 22311, Time: 01:05:10

Health: -5/131     AC: 13    Str: 11    XL:     16   Next: 33%
Gold:   3094       EV: 15    Int: 19    God:    Ru [******] SH:  0 Dex: 17

rFire   + . .      SeeInvis .   O - staff of conjuration
rCold   + . .      Faith    .   (no shield)
rNeg    . . .      Spirit   .   j - +0 ice dragon scales
rPois   ∞          Reflect  .   M - +2 hat
rElec   .          Harm     .   u - +1 cloak
rCorr   .          Rampage  .   N - +0 pair of gloves {Dex+3}
Will    ++...                   (boots unavailable)
Stlth   ..........              b - amulet of regeneration
HPRegen 1.11/turn               J - +4 ring of evasion
MPRegen 0.00/turn               C - ring of willpower

@: flying
A: sickness immunity, dopey 1, fire resistance 2, screaming 1, cold
vulnerability 1, no stealth, inability to use devices, hated by all, unskilled
1, float, innate caster, HP casting, extra vitality 1, deformed body, mutation
resistance 1
a: Renounce Religion, Draw Out Power, Power Leap, Apocalypse


You were on level 2 of the Elven Halls.
You worshipped Ru.
Ru was exalted by your worship.
You visited 5 branches of the dungeon, and saw 24 of its levels.
You also visited: Sewer, Bailey and Ice Cave.

You collected 3544 gold pieces.
You spent 450 gold pieces at shops.

Inventory:

Hand Weapons
 w - the +9 battleaxe of Moral Flaws {holy, rElec rPois rF- Dex+2}
   (You found it on level 6 of the Lair of Beasts)

   It has been blessed by the Shining One to cause great damage to the undead
   and demons.
   Dex:       It affects your dexterity (+2).
   rF:        It makes you vulnerable to fire.
   rElec:     It insulates you from electricity.
   rPois:     It protects you from poison.
Armour
 c - a +0 troll leather armour
 j - +0 ice dragon scales (worn)
 u - a +1 cloak (worn)
 M - a +2 hat (worn)
 N - a +0 pair of gloves of dexterity (worn)
Magical Staves
 O - a staff of conjuration (weapon)
Jewellery
 b - an amulet of regeneration (around neck)
 C - a ring of willpower (right hand)
 J - a +4 ring of evasion (left hand)
 L - a ring of ice
Scrolls
 a - 2 scrolls of amnesia
 d - 3 scrolls of magic mapping
 g - 3 scrolls of fog
 i - 3 scrolls of noise
 o - 4 scrolls of poison
 p - 8 scrolls of teleportation
 q - 7 scrolls of enchant weapon
 v - 7 scrolls of enchant armour
 y - 2 scrolls of brand weapon
 A - 4 scrolls of fear
 D - 5 scrolls of immolation
 E - a scroll of silence
 G - 2 scrolls of identify
 H - 4 scrolls of torment
 I - 3 scrolls of vulnerability
Potions
 e - 2 potions of haste
 f - 4 potions of berserk rage
 h - 2 potions of mutation
 k - 8 potions of lignification
 l - 2 potions of cancellation
 m - a potion of experience {unknown}
 n - 4 potions of invisibility {unknown}
 r - 5 potions of heal wounds
 s - 11 potions of degeneration
 t - a potion of magic {unknown}
 z - 10 potions of might
 B - 3 potions of attraction {unknown}
 F - 14 potions of curing
 K - 2 potions of resistance {unknown}


   Skills:
 * Level 17.6 Fighting
 + Level 2.5(2.7) Axes
 + Level 1.1(2.2) Maces & Flails
 + Level 1.5(1.8) Staves
 - Level 8.0 Armour
 - Level 8.0 Dodging
 - Level 13.8 Spellcasting


You had 7 spell levels left.
You knew the following spells:

 Your Spells              Type           Power      Damage    Failure   Level
a - Freeze                Ice            100%       1d11      1%          1
b - Frozen Ramparts       Ice            100%       1d12      1%          3
c - Scorch                Fire           100%       2d10      1%          2
d - Hailstorm             Conj/Ice       78%        3d16      1%          4
e - Shock                 Conj/Air       100%       1d9       1%          1
f - Poisonous Vapours     Pois/Air       100%       N/A       1%          2
g - Ozocubu's Armour      Ice            60%        N/A       1%          3
h - Vampiric Draining     Necr           60%        2d10      1%          3
i - Fireball              Conj/Fire      39%        3d16      3%          5
j - Summon Mana Viper     Hex/Summ       60%        N/A       3%          5
k - Conjure Ball Lightni  Conj/Air       39%        3x3d13    16%         6
Your spell library was empty.

Dungeon Overview and Level Annotations

Branches:
Dungeon (13/15)            Temple (1/1) D:7            Lair (6/6) D:9
  Swamp (0/4) Lair:2       Spider (0/4) Lair:3        Slime (0/5) Lair:6
    Orc (2/2) D:9             Elf (2/3) Orc:2         Sewer (visited)
 Bailey (visited)           IceCv (visited)
 Vaults: D:13-14

Altars:
Ashenzari
Cheibriados
Dithmenos
Elyvilon
Fedhas
Gozag
Hepliaklqana
Kikubaaqudgha
Makhleb
Nemelex Xobeh
Okawaru
Qazlal
Ru
Sif Muna
Trog
Uskayaw
Vehumet
Xom
Yredelemnul
Zin
The Shining One
Beogh
Jiyva

Shops:
D:13 !   Orc:2 [[!:[*   Elf:1 ::=


Innate Abilities, Weirdness & Mutations

You are immune to sickness and miasma.
You are immune to poison.
You are dopey. (Int -2)
Your flesh is very heat resistant. (rF++)
You occasionally shout uncontrollably at your foes.
You are vulnerable to cold. (rC-)
You cannot be stealthy.
You cannot study or use magical devices.
You are hated by all.
You are somewhat unskilled. (-1 Apt)
You float through the air rather than walking.
You learn spells naturally, not from books.
Your magical power is your life essence.
You have superior vitality. (+4 MHP)
Armour fits poorly on your strangely shaped body.
You are somewhat resistant to further mutation.


Message History

Casting: Fireball (dangerous; 3% risk of failure)
Confirm with . or Enter, or press ? or * to list all spells.
Aiming: Fireball (dangerous; 3% risk of failure)
Press: ? - help, Shift-Dir - straight line You feel a surge of power!
The fireball explodes!
The fireball engulfs the deep elf zephyrmancer!!!
The deep elf zephyrmancer is almost dead.
You hear a shout!
The +4 vampiric glaive hits you from afar!!
You hear some strange, mumbled words.
The deep elf pyromancer gestures wildly while chanting.
The deep elf pyromancer blinks!
The deep elf zephyrmancer is engulfed in a cloud of scalding steam.
You kill the deep elf zephyrmancer!
Casting: Fireball (dangerous; 3% risk of failure)
Confirm with . or Enter, or press ? or * to list all spells.
Aiming: Fireball (dangerous; 3% risk of failure)
Press: ? - help, Shift-Dir - straight line You feel a surge of power!
The fireball explodes!
The fireball engulfs the deep elf pyromancer!!
The deep elf pyromancer is severely wounded.
The fireball engulfs the +4 vampiric glaive.
The +4 vampiric glaive resists.
The +4 vampiric glaive is lightly damaged.
The +4 vampiric glaive hits you from afar!!
You hear some strange, mumbled words.
A shard of ice appears from out of thin air!
The shard of ice hits you!!! You partially resist.
* * * LOW HITPOINT WARNING * * *
The +4 vampiric glaive hits you from afar!
* * * LOW HITPOINT WARNING * * *
A deep elf zephyrmancer comes into view.
It is wielding a +0 long sword.
The deep elf pyromancer casts a spell at you.
The sticky flame misses you.
Unknown command.
You hear some strange, mumbled words.
A shard of ice appears from out of thin air!
The shard of ice misses you.
The +4 vampiric glaive hits you from afar!!
You die...

.....#
.⌠...##
.{...##
e.{..##
#####..⌠..##
...........#
...........#
..§..⌠.@.⌠.+
...........#
.......(...#
#####e.§..##
E....##
(E...##
.§°..##
.§...#


You could see a deep elf pyromancer, a deep elf zephyrmancer, a fire elemental
(summoned), an air elemental and a +4 vampiric glaive.

Vanquished Creatures
  Frances (D:13)
  Kirke (D:12)
  Agnes (Elf:1)
  An orc warlord (Orc:2)
  A deep elf sorcerer (Elf:1)
  Snorg (Lair:4)
  A deep elf high priest (Elf:1)
  Erolcha (Orc:2)
  2 boulder beetles
  4 hydras
  2 ogre magi (Orc:2)
  3 catoblepae (Lair:6)
  5 two-headed ogres
  2 dancing weapons (Elf:1)
  14 death yaks
  A deep elf knight (Elf:1)
  3 deep elf archers (Elf:1)
  The ghost of SuisLittleHoshiymin the Zephyrmancer, a novice FeAE of Sif Muna (D:11)
  8 deep elf zephyrmancers
  An orc knight (Bailey)
  12 deep elf pyromancers
  7 orc sorcerers (Orc:2)
  3 ugly things
  2 cyclopes (D:12)
  6 manticores
  6 elephants
  An ice statue (IceCv)
  A torpor snail (Lair:5)
  A molten gargoyle (Lair:3)
  3 gargoyles
  6 black mambas
  9 cane toads
  8 rime drakes
  7 komodo dragons
  A tengu conjurer (D:13)
  3 trolls
  7 polar bears
  23 blink frogs
  A slime creature (D:13)
  2 shadows
  A vampire (D:10)
  A water elemental (Elf:2)
  3 hogs (D:12)
  4 wyverns
  53 yaks
  3 basilisks
  4 humans (D:12)
  2 steam dragons
  2 redbacks (Lair:3)
  Grum (D:9)
  Menkaure (D:5)
  A warg (Orc:1)
  16 water moccasins
  A swamp drake (D:9)
  An ice beast (D:6)
  23 orc warriors
  A sky beast (D:7)
  2 black bears
  6 ogres
  3 centaurs
  24 wolves
  A kobold brigand (D:9)
  17 bullfrogs
  2 necrophages
  5 scorpions
  10 wights
  8 killer bees
  5 howler monkeys
  4 electric eels
  2 lava snakes
  A jelly (D:8)
  15 orc priests
  5 gnoll shamans
  Crazy Yiuf (D:3)
  39 orc wizards
  4 iguanas
  30 gnolls
  19 adders
  5 river rats
  2 shadow imps
  12 white imps (Lair:5)
  2 ufetubi
  2 worms (D:3)
  3 dart slugs
  82 orcs
  9 endoplasms
  3 giant cockroaches
  4 goblins
  2 hobgoblins
  2 jackals (D:2)
  5 kobolds
  3 quokkas
  16 ball pythons
  4 frilled lizards
  21 rats
661 creatures vanquished.

Vanquished Creatures (collateral kills)
  A ball lightning (Lair:4)
1 creature vanquished.

Vanquished Creatures (others)
  A hydra (Lair:6)
  2 deep elf pyromancers (Elf:1)
  A deep elf zephyrmancer (Elf:1)
  An elephant (Lair:4)
  A komodo dragon (Lair:5)
  A yak (Lair:2)
  A centaur (D:13)
  A bullfrog (Lair:4)
  An orc wizard (D:10)
  20 ball lightnings
  20 fungi
  66 plants
  A withered plant (D:11)
117 creatures vanquished.

Grand Total: 779 creatures vanquished

Notes
Turn   | Place    | Note
-------+----------+-------------------------------------------
     0 | D:1      | lyrin the Djinni Ice Elementalist began the quest for the
                  | Orb.
     0 | D:1      | Reached XP level 1. HP: 15/15 MP: 0/0
   103 | D:1      | You are sucked into a shaft and drop 1 floor!
   156 | D:2      | Reached XP level 2. HP: 22/22 MP: 0/0
   161 | D:2      | Reached XP level 3. HP: 25/26 MP: 0/0
   161 | D:2      | Learned a level 1 spell: Shock
   320 | D:1      | Reached skill level 1 in Fighting
   484 | D:1      | Found a faded altar of an unknown god.
  1209 | D:3      | Reached XP level 4. HP: 27/32 MP: 0/0
  1263 | D:3      | Reached XP level 5. HP: 22/37 MP: 0/0
  1263 | D:3      | Learned a level 2 spell: Poisonous Vapours
  1285 | D:3      | Found a glowing drain.
  1292 | Sewer    | Entered a sewer
  1437 | Sewer    | Reached skill level 1 in Armour
  1548 | Sewer    | Noticed a bullfrog
  1548 | Sewer    | Noticed a bullfrog
  1560 | Sewer    | Killed a bullfrog
  1561 | Sewer    | Reached skill level 5 in Spellcasting
  1561 | Sewer    | Reached XP level 6. HP: 25/42 MP: 0/0
  1944 | D:3      | Found a runed translucent door.
  1945 | D:3      | Noticed Crazy Yiuf
  2001 | D:3      | Reached XP level 7. HP: 43/48 MP: 0/0
  2001 | D:3      | Learned a level 2 spell: Scorch
  2467 | D:3      | Reached skill level 2 in Fighting
  2753 | D:3      | Killed Crazy Yiuf
  3465 | D:4      | Reached skill level 3 in Fighting
  3647 | D:5      | Entered Level 5 of the Dungeon
  3707 | D:5      | Noticed Menkaure
  3723 | D:5      | Killed Menkaure
  3724 | D:5      | Reached XP level 8. HP: 14/56 MP: 0/0
  3862 | D:5      | Reached skill level 4 in Fighting
  4692 | D:6      | Reached skill level 1 in Staves
  4720 | D:6      | Reached skill level 5 in Fighting
  4720 | D:6      | Reached XP level 9. HP: 60/65 MP: 0/0
  4720 | D:6      | Learned a level 3 spell: Vampiric Draining
  4905 | D:7      | Reached skill level 1 in Maces & Flails
  4905 | D:7      | Reached skill level 5 in Armour
  5019 | D:7      | Reached skill level 6 in Fighting
  5129 | D:7      | Found a staircase to the Ecumenical Temple.
  5405 | Temple   | Entered the Ecumenical Temple
  5804 | Temple   | Became a worshipper of Ru the Awakened
  6063 | D:8      | Reached skill level 5 in Dodging
  6706 | D:9      | Noticed Grum
  6727 | D:9      | Reached XP level 10. HP: 49/73 MP: 0/0
  6728 | D:9      | Killed Grum
  6731 | D:9      | Reached skill level 7 in Fighting
  6805 | D:9      | Found a staircase to the Lair.
  7286 | D:9      | Found a staircase to the Orcish Mines.
  7689 | D:10     | Entered Level 10 of the Dungeon
  7733 | D:10     | Reached XP level 11. HP: 62/81 MP: 0/0
  7733 | D:10     | Learned a level 5 spell: Fireball
  7790 | D:10     | Reached skill level 8 in Fighting
  7803 | D:10     | Noticed a two-headed ogre
  7810 | D:10     | Killed a two-headed ogre
  7975 | D:10     | Found a flagged portal.
  7985 | Bailey   | Entered a bailey
  8115 | Bailey   | Noticed an orc knight
  8134 | Bailey   | Killed an orc knight
  8139 | Bailey   | Reached skill level 10 in Spellcasting
  8598 | D:10     | Noticed a two-headed ogre
  8603 | D:10     | Killed a two-headed ogre
  8604 | D:10     | Reached skill level 9 in Fighting
  8966 | D:11     | Gained mutation: You are hated by all. [Ru sacrifice]
  8966 | D:11     | Reached * piety under Ru
  8966 | D:11     | Reached ** piety under Ru
  8972 | D:11     | Noticed a two-headed ogre
  8977 | D:11     | Killed a two-headed ogre
  9008 | D:11     | Noticed a manticore
  9013 | D:11     | Killed a manticore
  9024 | D:11     | Noticed a manticore
  9026 | D:11     | Reached skill level 10 in Fighting
  9055 | D:11     | Killed a manticore
  9123 | D:11     | Noticed a two-headed ogre
  9128 | D:11     | Killed a two-headed ogre
  9129 | D:11     | Reached XP level 12. HP: 61/93 MP: 0/0
  9330 | D:11     | Reached skill level 11 in Fighting
  9376 | D:11     | Noticed a boulder beetle
  9392 | D:11     | Killed a boulder beetle
  9590 | D:11     | Found a runed translucent door.
  9590 | D:11     | Noticed SuisLittleHoshiymin's ghost (novice FeAE)
  9677 | D:11     | Killed SuisLittleHoshiymin's ghost
  9829 | D:12     | Identified 2 scrolls of acquirement
  9830 | D:12     | Acquired a manual of Spellcasting
  9956 | D:12     | Noticed a two-headed ogre
  9960 | D:12     | Killed a two-headed ogre
 10110 | D:12     | Noticed a boulder beetle
 10120 | D:12     | Killed a boulder beetle
 10144 | D:12     | Noticed Kirke
 10168 | D:12     | Killed Kirke
 10169 | D:12     | Reached skill level 12 in Fighting
 10355 | D:12     | Acquired 932 gold pieces
 10689 | D:13     | Found Qoleujeo's Distillery.
 10779 | D:13     | Noticed Frances
 10898 | D:13     | Reached XP level 13. HP: 99/101 MP: 0/0
 10898 | D:13     | Learned a level 5 spell: Summon Mana Viper
 10918 | D:13     | Identified the +3 leather armour "Calodos" {Rampage Fly
                  | Int-2 Stlth+}
 10961 | D:13     | Killed Frances
 11029 | D:13     | Gained mutation: You cannot study or use magical devices.
                  | [Ru sacrifice]
 11029 | D:13     | Reached *** piety under Ru
 11065 | D:13     | Noticed a catoblepas
 11073 | D:13     | Noticed a centaur warrior
 11350 | Orc:1    | Entered Level 1 of the Orcish Mines
 11685 | Orc:2    | Entered Level 2 of the Orcish Mines
 11715 | Orc:2    | Found Zuntexar's Antique Armour Shop.
 11744 | Orc:2    | Bought a pair of embroidered gloves for 225 gold pieces
 11841 | Orc:2    | Found a staircase to the Elven Halls.
 11859 | Orc:2    | Noticed an orc warlord
 11908 | Orc:2    | Gained mutation: Armour fits poorly on your strangely
                  | shaped body. [potion of mutation]
 11908 | Orc:2    | Gained mutation: You are somewhat resistant to further
                  | mutation. [potion of mutation]
 11920 | Orc:2    | Killed an orc warlord
 12176 | Orc:2    | Found Yvvef's CLEARANCE SALE!.
 12344 | Orc:2    | Found Xecelonk's Antique Armour Shoppe.
 12383 | Orc:2    | Found Zeyso's Book Emporium.
 12428 | Orc:2    | Noticed an ogre mage
 12431 | Orc:2    | Killed an ogre mage
 12474 | Orc:2    | Found Ummiriz's Distillery.
 12494 | Orc:2    | Noticed Erolcha
 12501 | Orc:2    | Killed Erolcha
 12502 | Orc:2    | Reached skill level 15 in Spellcasting
 12531 | Orc:2    | Reached skill level 13 in Fighting
 12562 | Orc:2    | Found Qof Qysein's Antique Armour Shoppe.
 12569 | Orc:2    | Noticed an ogre mage
 12575 | Orc:2    | Killed an ogre mage
 12608 | Orc:2    | Bought a glowing cloak for 225 gold pieces
 12699 | Orc:2    | Gained mutation: You are dopey. (Int -2) [Ru sacrifice]
 12699 | Orc:2    | Reached **** piety under Ru
 12913 | Lair:1   | Entered Level 1 of the Lair of Beasts
 13158 | Lair:1   | Noticed a four-headed hydra
 13163 | Lair:1   | Killed a four-headed hydra
 13199 | Lair:1   | Noticed a five-headed hydra
 13204 | Lair:1   | Killed a five-headed hydra
 13791 | Lair:2   | Reached skill level 14 in Fighting
 13791 | Lair:2   | Reached XP level 14. HP: 95/112 MP: 0/0
 14069 | Lair:2   | Found a staircase to the Swamp.
 14268 | Lair:2   | Gained mutation: You are somewhat unskilled. (-1 Apt) [Ru
                  | sacrifice]
 14268 | Lair:2   | Reduced skill Fighting to level 13
 14268 | Lair:2   | Reduced skill Armour to level 5
 14268 | Lair:2   | Reduced skill Dodging to level 5
 14268 | Lair:2   | Reached ***** piety under Ru
 14766 | Lair:3   | You are sucked into a shaft and drop 2 floors!
 14977 | Lair:5   | Found a frozen archway.
 14991 | IceCv    | Entered an ice cave
 15023 | IceCv    | Reached skill level 14 in Fighting
 15653 | IceCv    | Noticed a frost giant
 16296 | Lair:5   | Gained mutation: You cannot be stealthy. [Ru sacrifice]
 16704 | Lair:6   | Entered Level 6 of the Lair of Beasts
 16868 | Lair:5   | Reached XP level 15. HP: 91/118 MP: 0/0
 16868 | Lair:5   | Learned a level 6 spell: Conjure Ball Lightning
 17121 | Lair:6   | Found a staircase to the Slime Pits.
 17948 | Lair:5   | Reached skill level 15 in Fighting
 18737 | Lair:6   | Identified the +9 battleaxe of Moral Flaws {holy, rElec
                  | rPois rF- Dex+2}
 19207 | Lair:5   | Reached skill level 16 in Fighting
 19210 | Lair:5   | Reached skill level 1 in Axes
 19413 | Lair:4   | Gained mutation: You occasionally shout uncontrollably at
                  | your foes. [Ru sacrifice]
 19413 | Lair:4   | Reached ****** piety under Ru
 19652 | Lair:4   | Noticed Snorg
 19660 | Lair:4   | Killed Snorg
 20313 | Lair:3   | Found a hole to the Spider Nest.
 21184 | Elf:1    | Entered Level 1 of the Elven Halls
 21225 | Elf:1    | Noticed Agnes
 21244 | Elf:1    | Killed Agnes
 21409 | Elf:1    | Reached XP level 16. HP: 83/130 MP: 0/0
 21415 | Elf:1    | Reached skill level 17 in Fighting
 21638 | Elf:1    | Noticed a deep elf sorcerer
 21642 | Elf:1    | Killed a deep elf sorcerer
 22168 | Elf:1    | Found Lasiu's Jewellery Emporium.
 22168 | Elf:1    | Found Wuidoze's Book Shop.
 22170 | Elf:1    | Found Keffa's Book Shop.
 22311 | Elf:2    | Slain by a +4 vampiric glaive

Illustrated notes

Levels and vault maps discovered:
D:1:      scummos_arrival_forest, layout_basic, shapermc_ecumenical_altar_ellora
D:2:      layout_basic, basic_altar
D:3:      layout_basic, lightli_sewer_entry_pipes, minmay_misc_feat_plants,
          patterned_corridor, uniq_crazy_yiuf_cottage
D:4:      layout_loops_ring
D:5:      layout_loops_cross, mainiacjoe_overflow_alcove_1, uniq_menkaure
D:6:      layout_rooms
D:7:      layout_cave_pools, minmay_temple_entry_statues_fountains,
          minmay_misc_feat_square
D:8:      layout_basic, nicolae_water_bricks, hex_large
D:9:      layout_small_grid, grunt_lair_entry_orc_guard_hut, erik_orc_1,
          uniq_grum
D:10:     layout_irregular_city, kennysheep_orc_sif_temple, enter_bailey_6,
          kennysheep_path_1, nrook_campfire, minmay_misc_feat_iff
D:11:     layout_cave_pools, gammafunk_ghost_grave
D:12:     layout_roguey, uniq_kirke
D:13:     layout_irregular_city, erik_vaults_1, serial_shops, shop, uniq_frances
Temple:   mainiacjoe_temple_big_plus
Lair:1:   layout_small_grid, lemuel_fruit_tree, lemuel_fruit_fields,
          serial_bayou_shore_a, infiniplex_staircase_pool_2, grunt_megastairs_2
Lair:2:   layout_hall_layers, swamp_mist, hangedman_lair_generics_rect,
          serial_bayou_shore_b, grunt_megastairs_1
Lair:3:   layout_gridlike, spider_nest_entry_webs,
          nicolae_quartered_pool_medium, infiniplex_staircase_pool
Lair:4:   layout_small_grid, st_stairs_6, uniq_snorg
Lair:5:   layout_gridlike, portal_ice_cave_entry_imps,
          chequers_serial_rivers_small_b, serial_bayou_shore_b
Lair:6:   evilmike_catoblepas_cave, layout_long_grid, slime_altar_1,
          chequers_serial_rivers_marsh
Orc:1:    layout_diamond_mine, mines2_lemuel
Orc:2:    kennysheep_orc_mage_school, layout_caves, serial_shops, shop,
          nicolae_shop_clearance
Elf:1:    layout_geoelf_diagonals, hangedman_elf_represent, minmay_shop_grove,
          uniq_agnes
Elf:2:    nicolae_elf_blades_crystal_corner, layout_gridlike, serial_shops,
          nicolae_shop_stone, grunt_megastairs_3

Skill      XL: |  1  2  3  4  5  6  7  8  9 10 11 12 13 14 15 16 |
---------------+-------------------------------------------------+-----
Fighting       | 1 3 5 6 7 10 12 14 14 16 17 | 17.6
Spellcasting   | 4 5 6 8 10 12 15 13 | 13.8
Armour         | 1 3 4 6 7 8 |  8.0
Dodging        | 3 4 5 6 7 8 |  8.0
Staves         | 1 |  1.5
Maces & Flails | 1 |  1.1
Stealth        | 0 |  0.0
Axes           | 1 2 |  2.5

Action                   |  1- 3 |  4- 6 |  7- 9 | 10-12 | 13-15 | 16-18 || total
-------------------------+-------+-------+-------+-------+-------+-------++-------
Melee: Whip              |     4 |     5 |     6 |       |       |       ||    15
       Quarterstaff      |       |       |     5 |     2 |     8 |       ||    15
       Battleaxe         |       |       |       |       |     4 |     3 ||     7
 Cast: Freeze            |    42 |    99 |    38 |     3 |     6 |       ||   188
       Frozen Ramparts   |       |     1 |    32 |    30 |    26 |     1 ||    90
       Scorch            |       |       |   139 |   252 |   564 |    15 ||   970
       Ozocubu's Armour  |       |       |     1 |     1 |     1 |       ||     3
       Fireball          |       |       |       |    22 |   182 |    35 ||   239
       Shock             |       |       |       |     3 |     3 |       ||     6
       Poisonous Vapours |       |       |       |     2 |     7 |     7 ||    16
       Conjure Ball Ligh |       |       |       |       |     7 |       ||     7
Invok: Sacrifice Love    |       |       |       |     1 |       |       ||     1
       Draw Out Power    |       |       |       |       |     2 |       ||     2
       Sacrifice Purity  |       |       |       |       |     2 |       ||     2
       Sacrifice Artific |       |       |       |       |     1 |       ||     1
       Power Leap        |       |       |       |       |     4 |       ||     4
       Sacrifice Stealth |       |       |       |       |     1 |       ||     1
       Sacrifice Skill   |       |       |       |       |     1 |       ||     1
  Use: Scroll            |       |       |       |    15 |    10 |       ||    25
       Potion            |       |       |       |     2 |     2 |       ||     4
 Stab: Invisible         |       |       |       |       |       |     1 ||     1
Armor: Robe              |     4 |       |       |       |       |       ||     4
       Leather armour    |     2 |    27 |    33 |     6 |       |       ||    68
       Troll leather arm |       |       |       |    14 |    54 |       ||    68
       Ice dragon scales |       |       |       |       |    69 |    14 ||    83
Dodge: Dodged            |    32 |    66 |    80 |   126 |   388 |    14 ||   706

Table legend: (Time is in decaauts)
 A = Elapsed time spent in this place.
 B = Non-inter-level travel time spent in this place.
 C = Inter-level travel time spent in this place.
 D = Time resting spent in this place.
 E = Time spent auto-exploring this place.
 F = Levels seen in this place.
 G = Mean time per level.
                   A        B        C        D        E       F      G
               +--------+--------+--------+--------+--------+-----+--------+
         Total |  22348 |  21144 |   1204 |   1946 |  14422 |  27 |  827.7 |
       Dungeon |  10538 |   9880 |    658 |    513 |   7188 |  13 |  810.6 |
        Temple |    429 |    302 |    127 |      0 |    266 |   1 |  429.0 |
          Lair |   6928 |   6643 |    285 |    784 |   4642 |   6 | 1154.7 |
  Orcish Mines |   1567 |   1459 |    108 |      0 |   1030 |   2 |  783.5 |
   Elven Halls |   1127 |   1103 |     24 |    245 |    669 |   2 |  563.5 |
         Sewer |    374 |    374 |      0 |      0 |    194 |   1 |  374.0 |
        Bailey |    216 |    216 |      0 |      0 |    111 |   1 |  216.0 |
      Ice Cave |   1165 |   1165 |      0 |    404 |    322 |   1 | 1165.0 |
               +--------+--------+--------+--------+--------+-----+--------+

Top non-repeatable levels by time:
  Lair:5: 1560 daAuts
  Lair:6: 1541 daAuts
     D:3: 1329 daAuts
   Orc:2: 1190 daAuts
    D:10: 1174 daAuts
     D:9: 1173 daAuts
   IceCv: 1165 daAuts
   Elf:1: 1121 daAuts
  Lair:4: 1008 daAuts
  Lair:2: 1006 daAuts
  Lair:3: 978 daAuts
  Lair:1: 833 daAuts
    D:11: 805 daAuts
    D:12: 792 daAuts
     D:5: 785 daAuts
